 Dungeon Crawl Stone Soup version 0.14.0-15-g6b16f67 (webtiles) character file.

1506 Qrupt the Ruffian (level 8, 0/55 (62) HPs)
             Began as a Ghoul Warper on Apr 18, 2014.
             Was an Initiate of Ashenzari.
             Slain by a wight
             ... wielding a +3,+3 hand axe
              (12 damage)
             ... on Level 6 of the Dungeon.
             The game lasted 00:23:26 (6402 turns).

Qrupt the Ruffian (Ghoul Warper)                    Turns: 6402, Time: 00:23:26

HP   0/55 (62)   AC  4     Str 18      XL: 8   Next: 52%
MP  12/12        EV  9     Int  8      God: Ashenzari [......]
Gold 244         SH  9     Dex 10      Spells:  5 memorised,  0 levels left

rFire  . . .     SeeInvis +       - Unarmed
rCold  + . .     Clarity  .     I - -1 ring mail
rNeg   + + +     Conserve .     E - +0 buckler
rPois  +         rCorr    .     (no helmet)
rElec  .         rRot     +     (no cloak)
SustAb . .       Spirit   .     (no gloves)
rMut   .         Warding  .     (no boots)
Saprov + + +     Stasis   .     (no amulet)
MR     .....                    t - ring of see invisible
                                r - cursed +3 ring of strength

@: rotting, not resistant to hostile enchantments, extremely unstealthy
A: rotting body, claws 1, carnivore 3, cold resistance 1, life protection 3,
poison resistance, saprovore 3, slow healing 1, torment resistance, unbreathing
a: Renounce Religion


You were on level 6 of the Dungeon.
You worshipped Ashenzari.
Ashenzari was noncommittal.
You were very hungry.

You visited 2 branches of the dungeon, and saw 8 of its levels.

You collected 244 gold pieces.

Inventory:

Missiles
 e - 15 darts (quivered)
 f - 10 darts of dispersal
Armour
 b - a +0 leather armour
 E - a +0 buckler (worn)
 H - a +0 shield
 I - a -1 ring mail (worn)
Magical devices
 z - a wand of enslavement (10)
 A - a wand of disintegration (15)
Scrolls
 a - 3 scrolls of identify
 d - 2 scrolls of blinking
 h - a scroll of immolation {unknown}
 l - a scroll of noise {unknown}
 m - a scroll of remove curse
 n - 2 scrolls of fear {unknown}
 p - a scroll of enchant weapon I {unknown}
 s - 8 scrolls of teleportation {unknown}
 u - 2 scrolls of amnesia {unknown}
 x - a scroll of fog {unknown}
 B - 4 scrolls of curse armour
 C - a scroll of enchant weapon II {unknown}
 G - a scroll of curse weapon
Jewellery
 r - a cursed +3 ring of strength (left claw)
 t - a ring of see invisible (right claw)
 y - an uncursed ring of protection from cold
 D - an uncursed ring of protection from fire
Potions
 g - 2 potions of resistance {unknown}
 i - a potion of brilliance {unknown}
 j - 2 potions of curing
 k - 2 potions of magic {unknown}
 o - a potion of might {unknown}
 q - a potion of heal wounds {unknown}
 v - a potion of poison {unknown}
 w - 2 potions of flight {unknown}
 K - a potion of confusion {unknown}
Books
 c - a book of Spatial Translocations

   Spells                             Type                      Level
   *Apportation                       Translocation                1
   *Blink                             Translocation                2
   *Shroud of Golubria                Charms/Translocation         2
   *Portal Projectile                 Translocation                3
   *Teleport Other                    Translocation                3
   Passage of Golubria                Translocation                4


   Skills:
 - Level 2.8 Fighting
 - Level 0.8 Throwing
 - Level 0.8 Armour
 - Level 1.7 Dodging
 + Level 3.5 Shields
 - Level 7.3 Unarmed Combat
 - Level 2.3 Spellcasting
 - Level 3.5 Charms
 - Level 4.6 Translocations


You couldn't memorise any spells.
You knew the following spells:

 Your Spells              Type           Power        Failure   Level  Hunger
a - Apportation           Tloc           #.........   10%         1    ##.....
b - Blink                 Tloc           N/A          12%         2    ###....
c - Shroud of Golubria    Chrm/Tloc      #.........   14%         2    ###....
d - Teleport Other        Tloc           #.......     24%         3    ####...
e - Portal Projectile     Tloc           #.....       24%         3    ####...


Dungeon Overview and Level Annotations

Branches:
Dungeon (7/15)             Temple (1/1) D:6

Altars:
Ashenzari
Cheibriados
Dithmenos
Elyvilon
Fedhas
Kikubaaqudgha
Makhleb
Nemelex Xobeh
Okawaru
Sif Muna
Trog
Vehumet
Xom
Yredelemnul
Zin
The Shining One

Annotations:
D:5 Deemzul's ghost, experienced NaFi


Innate Abilities, Weirdness & Mutations

Your body is rotting away.
You have sharp fingernails.
You are carnivorous and can eat meat at any time.
Your flesh is cold resistant.
You are immune to negative energy.
Your system is resistant to poisons.
You thrive on rotten meat.
You heal slowly when monsters are visible.
You are immune to unholy pain and torment.
You can survive without breathing.


Message History

You are too injured to fight recklessly!
You are too injured to fight recklessly!
You feel your flesh rotting away.
You hit the jelly.
Your claws burn!
* * * LOW HITPOINT WARNING * * *
The jelly is almost dead.
The jelly hits you but does no damage.
You claw the jelly!
Your claws burn!
* * * LOW HITPOINT WARNING * * *
You kill the jelly!
Drink which item? (? for menu, Esc to quit)
You feel better. The wight hits you but does no damage.
You hit the wight but do no damage. You barely miss the wight.
The wight hits you with a hand axe.
* * * LOW HITPOINT WARNING * * *
You barely miss the wight. The wight hits you with a hand axe!
* * * LOW HITPOINT WARNING * * *
Drink which item? (? for menu, Esc to quit)
You feel better. The wight hits you with a hand axe!
You die...

############# #...........#
#.#########.# #.#.......#.#
##########.#.#..@z...#
.........#.#.#.###.###
########.#.#.#.%.#.#...
.......#.#.#.###.#.#...#####
######.#.#.#.###)#.#.....#.....
#.#.#.#.....#.#.#.#.#...[.#
#.#.#.#######.#.#.#.#J.z..#
#.#.#.......#.#.#.#.#...<.#
#.#.#######.#.#.#.#.#.p...#


You could see a wight.

Vanquished Creatures
  A sky beast (D:5)
  A black bear (D:6)
  2 centaurs
  A phantom (D:7)
  Sigmund (D:5)
  Blork the orc (D:7)
  A giant frog (D:5)
  A jelly (D:6)
  An orc priest (D:4)
  2 orc wizards
  4 hounds
  4 worker ants
  Natasha (twice) (D:6)
  A big kobold skeleton (D:6)
  8 adders
  3 giant mites
  2 worms
  A goliath beetle zombie (D:5)
  An orc zombie (D:5)
  A giant eyeball (D:4)
  10 giant geckos
  An ooze (D:1)
  8 orcs
  A ball python (D:2)
  8 bats
  A bat skeleton (D:3)
  5 giant cockroaches
  A gnoll skeleton (D:5)
  10 hobgoblins
  7 jackals
  4 quokkas
  A giant newt (D:2)
  8 goblins
  A hobgoblin skeleton (D:4)
  15 kobolds
  2 orc skeletons
  12 rats
134 creatures vanquished.

Notes
Turn   | Place    | Note
--------------------------------------------------------------
     0 | D:1      | Qrupt, the Ghoul Warper, began the quest for the Orb.
     0 | D:1      | Reached XP level 1. HP: 17/17 MP: 2/2
   308 | D:1      | Reached XP level 2. HP: 20/23 MP: 3/3
   342 | D:1      | Reached skill level 3 in Unarmed Combat
  1025 | D:2      | Reached XP level 3. HP: 23/27 MP: 5/5
  1137 | D:2      | Reached skill level 4 in Unarmed Combat
  1215 | D:2      | Reached XP level 4. HP: 27/35 MP: 5/5
  1510 | D:3      | Reached skill level 5 in Unarmed Combat
  1707 | D:3      | Reached XP level 5. HP: 5/38 MP: 6/6
  2005 | D:3      | Reached skill level 6 in Unarmed Combat
  2114 | D:4      | Learned a level 2 spell: Blink
  2171 | D:4      | Learned a level 2 spell: Shroud of Golubria
  2572 | D:4      | Paralysed by a giant eyeball for 4 turns
  2589 | D:4      | Reached XP level 6. HP: 28/45 MP: 8/8
  2596 | D:4      | Paralysed by a giant eyeball for 3 turns
  2774 | D:4      | Reached skill level 7 in Unarmed Combat
  2904 | D:5      | Entered Level 5 of the Dungeon
  3091 | D:5      | Reached skill level 1 in Charms
  3091 | D:5      | Reached XP level 7. HP: 9/54 MP: 9/10
  3307 | D:5      | Learned a level 3 spell: Teleport Other
  3955 | D:5      | Noticed Deemzul's ghost (experienced NaFi)
  4013 | D:5      | Noticed Sigmund
  4036 | D:5      | Killed Sigmund
  4565 | D:6      | Reached XP level 8. HP: 22/59 MP: 12/12
  4844 | D:6      | Found a staircase to the Ecumenical Temple.
  4861 | D:6      | Noticed Natasha
  4866 | D:6      | Killed Natasha
  4880 | Temple   | Entered the Ecumenical Temple
  4977 | Temple   | Became a worshipper of Ashenzari the Shackled
  4985 | Temple   | Learned a level 3 spell: Portal Projectile
  5435 | D:6      | Noticed Natasha
  5443 | D:6      | Killed Natasha
  5443 | D:6      | Reached skill level 1 in Shields
  6270 | D:7      | Found a shimmering altar of Xom.
  6328 | D:7      | Noticed Blork the orc
  6342 | D:7      | Killed Blork the orc
  6402 | D:6      | Slain by a wight

Action                   |  1- 3 |  4- 6 |  7- 9 || total
-------------------------+-------+-------+-------++-------
Melee: Unarmed           |   134 |   225 |   221 ||   580
 Cast: Teleport Other    |       |       |     1 ||     1
Evoke: Wand              |       |       |     2 ||     2
  Use: Scroll            |       |       |     3 ||     3
       Potion            |       |       |     2 ||     2
